 Dungeon Crawl Stone Soup version 0.22.1-1-ga44c0e5 (webtiles) character file.

1414 Lavandula the Cleaver (level 8, -4/63 HPs)
             Began as a Centaur Berserker on Oct 5, 2018.
             Was a Believer of Trog.
             Slain by a wight
             ... wielding a +4 flail
              (10 damage)
             ... on level 8 of the Dungeon.
             The game lasted 00:10:12 (2151 turns).

Lavandula the Cleaver (Centaur Berserker)           Turns: 2151, Time: 00:10:13

Health: -4/63      AC:  4    Str: 22    XL:     8   Next: 43%
Magic:  8/8        EV:  9    Int:  9    God:    Trog [**....]
Gold:   287        SH:  0    Dex: 14    Spells: 7/7 levels left

rFire    . . .     SeeInvis .   w - +0 war axe
rCold    . . .     Gourm    .   (no shield)
rNeg     . . .     Faith    .   b - +0 animal skin
rPois    .         Spirit   .   (no helmet)
rElec    .         Reflect  .   (no cloak)
rCorr    .         Harm     .   (no gloves)
MR       .....                  (no barding)
Stlth    +.........             (no amulet)
HPRegen  0.20/turn              d - +5 ring of dexterity
MPRegen  0.11/turn              u - +3 ring of intelligence

@: berserk cooldown, slowed, drained
A: large, hooves 3, deformed body, speed 2, tough skin 3
a: Berserk, Trog's Hand, Renounce Religion


You were on level 8 of the Dungeon.
You worshipped Trog.
Trog was pleased with you.
You were very hungry.

You visited 1 branch of the dungeon, and saw 9 of its levels.

You collected 287 gold pieces.

Inventory:

Hand Weapons
 a - a +0 hand axe
 w - a +0 war axe (weapon)
 B - a +0 spear
Missiles
 j - 12 curare-tipped needles
 p - 2 throwing nets (quivered)
Armour
 b - a +0 animal skin (worn)
 m - a +0 scale mail
 n - a +0 ring mail
Jewellery
 d - a +5 ring of dexterity (left hand)
 u - a +3 ring of intelligence (right hand)
Wands
 k - a wand of digging (11)
 v - a wand of flame (36)
Scrolls
 f - a scroll of enchant weapon {unknown}
 g - a scroll of enchant armour
 h - 2 scrolls of teleportation {unknown}
 i - 2 scrolls of immolation {unknown}
 s - a scroll of fog {unknown}
 x - 2 scrolls of remove curse {unknown}
Potions
 e - a potion of curing
 l - a potion of heal wounds
 o - 2 potions of might {unknown}
 q - 2 potions of haste
 t - a potion of agility {unknown}
 z - a potion of cancellation {unknown}
 C - 2 potions of berserk rage {unknown}
Comestibles
 c - 7 rations


   Skills:
 - Level 3.0(2.6) Fighting
 + Level 10.0(9.5) Axes
 - Level 1.3(1.0) Armour
 - Level 1.3(1.0) Dodging


You had 7 spell levels left.
You didn't know any spells.
Your spell library contained the following spells:

 Spells                   Type           Power        Failure   Level  Hunger
 Beastly Appendage        Tmut           #.....       38%         1    ##.....
 Sticks to Snakes         Tmut           #.......     52%         2    ###....
 Spider Form              Tmut/Pois      #.........   77%         3    ####...
 Ice Form                 Ice/Tmut       #.......     99%         4    #####..
 Blade Hands              Tmut           #.........   100%        5    ######.


Dungeon Overview and Level Annotations

Branches:
Dungeon (9/15)             Temple (0/1) D:4
   Lair: D:8-11         Orc: D:9-12

Altars:
Cheibriados
Gozag
Sif Muna
Xom


Innate Abilities, Weirdness & Mutations

You have hooves in place of feet.
Armour fits poorly on your strangely shaped body.
You cover ground very quickly.
You have extremely tough skin. (AC +3)


Message History

You are no longer berserk.
You are exhausted.
You feel yourself slow down. The wight barely misses you.
The gnoll closely misses you.
Unknown command.
There is an open door here.
There is a stone staircase leading down here.
The wight hits you with an enchanted flail!
You feel drained.
The gnoll hits you from afar with a halberd!
* * * LOW HITPOINT WARNING * * *
You climb downwards.
There is a stone staircase leading up here.
Unknown command.
You completely miss the wight. You kick the wight, but do no damage.
The wight is almost destroyed.
The wight hits you with an enchanted flail.
* * * LOW HITPOINT WARNING * * *
The wight hits you with an enchanted flail!
You die...

#.............#.# .#.# ##
.
#.............#.###.#.....
.
#.............#.....#.....
.
#.............#.....#....(
.
#.............#...........
#............(#...........
.........................
............#z###....###
....#######.#@# ....# ####
#.### ....# #.. ....+ ##..
....# .. .#### ..


You could see a wight.

Vanquished Creatures
  A hippogriff (D:8)
  Sigmund (D:6)
  An orc warrior (D:7)
  A slave (D:7)
  A necrophage (D:6)
  A phantom (D:5)
  2 bullfrogs (D:6)
  A gnoll sergeant (D:7)
  2 scorpions
  A wight (D:7)
  2 crimson imps
  A bullfrog skeleton (D:5)
  3 hounds
  3 iguanas
  2 orc wizards
  Ijyb (D:3)
  2 worker ants (D:4)
  A howler monkey zombie (D:5)
  An adder (D:3)
  3 gnolls (D:7)
  An adder skeleton (D:4)
  A worm (D:4)
  A dart slug (D:3)
  A leopard gecko (D:3)
  4 orcs
  3 giant cockroaches (D:3)
  A goblin (D:2)
  A hobgoblin (D:3)
  5 jackals
  2 quokkas (D:5)
  3 bats
  A kobold (D:3)
  A quokka skeleton (D:6)
56 creatures vanquished.

Notes
Turn   | Place    | Note
-------+----------+-------------------------------------------
     0 | D:1      | Lavandula the Centaur Berserker began the quest for the
                  | Orb.
     0 | D:1      | Reached XP level 1. HP: 19/19 MP: 1/1
   127 | D:3      | Reached skill level 3 in Axes
   186 | D:3      | Reached XP level 2. HP: 15/26 MP: 2/2
   285 | D:3      | Noticed Ijyb
   293 | D:3      | Killed Ijyb
   293 | D:3      | Reached skill level 4 in Axes
   293 | D:3      | Reached XP level 3. HP: 31/31 MP: 3/3
   387 | D:4      | Reached XP level 4. HP: 28/38 MP: 4/4
   435 | D:4      | Found an opulent altar of Gozag.
   503 | D:4      | Found a deep blue altar of Sif Muna.
   506 | D:4      | Reached skill level 5 in Axes
   587 | D:5      | Entered Level 5 of the Dungeon
   663 | D:5      | Found a snail-covered altar of Cheibriados.
   710 | D:5      | Reached XP level 5. HP: 25/45 MP: 5/5
   739 | D:4      | Reached skill level 6 in Axes
   823 | D:4      | Found a staircase to the Ecumenical Temple.
   859 | D:4      | Reached XP level 6. HP: 25/51 MP: 6/6
  1177 | D:5      | Reached ** piety under Trog
  1439 | D:5      | Found a shimmering altar of Xom.
  1474 | D:5      | Reached skill level 7 in Axes
  1490 | D:5      | Reached XP level 7. HP: 18/57 MP: 7/7
  1708 | D:6      | Noticed Sigmund
  1721 | D:6      | Killed Sigmund
  1788 | D:6      | Reached skill level 8 in Axes
  1977 | D:8      | Noticed a hippogriff
  1987 | D:8      | Killed a hippogriff
  1987 | D:8      | Reached skill level 9 in Axes
  1987 | D:8      | Reached XP level 8. HP: 7/63 MP: 8/8
  2133 | D:7      | Reached skill level 10 in Axes
  2151 | D:8      | Slain by a wight

Skill      XL: |  1  2  3  4  5  6  7  8 |
---------------+-------------------------+-----
Axes           | 3 4 5 6 7 9 10 | 10.0
Fighting       | |  3.0
Armour         | |  1.3
Dodging        | |  1.3

Action                   |  1- 3 |  4- 6 |  7- 9 || total
-------------------------+-------+-------+-------++-------
Melee: Hand axe          |    42 |    72 |       ||   114
       Kick              |     7 |    16 |    17 ||    40
       War axe           |       |     8 |    41 ||    49
Invok: Berserk           |     2 |     5 |     4 ||    11
       Trog's Hand       |       |       |     1 ||     1
  Use: Scroll            |       |       |     5 ||     5
  Eat: Chunk             |       |     7 |     1 ||     8
       Ration            |       |       |     1 ||     1
Armor: Animal skin       |    20 |    15 |     3 ||    38
Dodge: Dodged            |    26 |    24 |    21 ||    71
